 Dungeon Crawl Stone Soup version 0.31-a0-1611-g890cdf5628 (webtiles) character file.

Game seed: 15347483406229762297

3008 Curundu the Severer (level 9, -1/106 HPs)
             Began as a Minotaur Berserker on Jan 9, 2024.
             Was a Priest of Trog.
             Slain by a gnoll sergeant
             ... wielding a +2 spear of venom
              (3 damage)
             ... on level 8 of the Dungeon.
             The game lasted 00:25:44 (7331 turns).

Curundu the Severer (Minotaur Berserker)            Turns: 7331, Time: 00:25:45

Health: -1/106     AC: 15    Str: 25    XL:     9   Next: 54%
Magic:  8/8        EV:  4    Int:  4    God:    Trog [***...]
Gold:   564        SH: 10    Dex: 11    Spells: 8/8 levels left

rFire   . . .        a - +4 hand axe
rCold   + . .        r - +0 tower shield
rNeg    . . .        u - +0 plate armour
rPois   .            (helmet restricted)
rElec   .            t - +0 cloak
rCorr   .            (no gloves)
SInv    .            y - +2 pair of boots {Stlth+}
Will    ++...        (no amulet) Stlth
                     A - ring of protection from cold
HPRegen 1.37/turn    (no ring)
MPRegen 0.11/turn

%: no passive effects
@: berserking, lethally poisoned (-1 -> -4), strong-willed, regenerating, very
quick
A: horns 2, retaliatory headbutt
a: Renounce Religion, Berserk, Trog's Hand


You were on level 8 of the Dungeon.
You worshipped Trog.
Trog was most pleased with you.
You visited 1 branch of the dungeon, and saw 8 of its levels.

You collected 564 gold pieces.

Inventory:

Hand Weapons
 a - a +4 hand axe (weapon)
Missiles
 e - 4 javelins (quivered)
 B - 6 boomerangs
Armour
 r - a +0 tower shield (worn)
 t - a +0 cloak (worn)
 u - a +0 plate armour (worn)
 y - a +2 pair of boots of stealth (worn)
Jewellery
 v - a ring of positive energy
 A - a ring of protection from cold (left hand)
Wands
 n - a wand of digging (6)
 x - a wand of polymorph (11)
Scrolls
 b - a scroll of poison
 h - 2 scrolls of amnesia
 i - a scroll of fear
 k - a scroll of immolation
 p - 2 scrolls of teleportation
 q - a scroll of revelation
 w - a scroll of summoning
 D - a scroll of vulnerability
Potions
 c - a potion of attraction
 d - a potion of invisibility {unknown}
 f - 2 potions of mutation
 j - 3 potions of enlightenment
 l - 2 potions of brilliance
 o - a potion of curing
 s - a potion of berserk rage {unknown}
 z - a potion of heal wounds {unknown}
 E - a potion of haste {unknown}


   Skills:
 - Level 4.0 Fighting
 + Level 15.6 Axes
 - Level 3.0 Armour
 - Level 2.7 Dodging


You had 8 spell levels left.
You didn't know any spells.
Your spell library was empty.

Dungeon Overview and Level Annotations

Branches:
Dungeon (8/15)             Temple (0/1) D:6
   Lair: D:8-11

Altars:
Nemelex Xobeh
Vehumet
Wu Jian
Xom


Innate Abilities, Weirdness & Mutations

You have a pair of horns on your head.
You reflexively headbutt those who attack you in melee.


Message History

The gnoll sergeant hits you but does no damage.
You are more poisoned.
You slash the wight!
The wight is almost destroyed.
You feel very sick. The wight hits you with a +0 falchion.
You hit the wight but do no damage.
The wight is almost destroyed.
You feel sick.
The gnoll sergeant hits you but does no damage.
The wight completely misses you.
You hit the wight.
You destroy the wight!
Trog accepts your kill.
You feel sick.
The gnoll sergeant hits you from afar with a +2 spear of venom!
You are lethally poisoned!
You barely miss the gnoll.
* * * LOW HITPOINT WARNING * * *
You feel very sick.
The gnoll sergeant hits you from afar with a +2 spear of venom!
* * * LOW HITPOINT WARNING * * *
You are more poisoned.
The gnoll hits you with a +0 flail!
* * * LOW HITPOINT WARNING * * *
You feel better. The gnoll sergeant barely misses you.
The gnoll hits you with a +0 flail.
* * * LOW HITPOINT WARNING * * *
Your skin crawls.
You feel strong-willed.
The gnoll sergeant hits you from afar with a +2 spear of venom!
* * * LOW HITPOINT WARNING * * *
You are lethally poisoned!
You block the gnoll's attack.
A red film seems to cover your vision as you go berserk!
You feel yourself moving faster!
You feel mighty!
* * * LOW HITPOINT WARNING * * *
You feel very sick.
The gnoll sergeant hits you from afar with a +2 spear of venom.
You die...

##..#....##..##..##..###.
#.........#..'...........
#....)....#..#.......g...
#.........#..#...........
##.........#..#....|z..z..
#..........#..#...g..g.g..
#.#.###.####.###..###'###.
#.#########gg###..#
##........@#..ggg.#
#.≈≈≈≈≈≈≈.#......+
#≈..≈≈≈..≈#.##...#
#≈.≈...≈.≈#.##...#
#≈.≈._.≈.≈####.....
#≈.≈...≈.≈# ........
#≈..≈≈≈..≈# .........
#.≈≈≈≈≈≈≈.# ##..###.#
#.........# ..# .#


You could see a gnoll sergeant and a gnoll.

Vanquished Creatures
  Prince Ribbit (D:8)
  A wyvern (D:7)
  3 water moccasins
  Duvessa (D:4)
  3 black bears
  A sky beast (D:7)
  2 ice beasts (D:5)
  3 ogres
  4 phantoms
  2 bullfrogs (D:6)
  A kobold brigand (D:6)
  A scorpion (D:4)
  4 wights (D:8)
  Dowan (D:4)
  A howler monkey (D:7)
  A bombardier beetle (D:5)
  3 hounds
  3 orc priests
  4 iguanas
  A sleepcap (D:7)
  4 orc wizards
  3 gnolls (D:8)
  4 adders
  A white imp (D:7)
  2 ufetubi (D:6)
  A dart slug (D:7)
  2 ribbon worms
  15 orcs
  3 bats
  6 endoplasms
  4 giant cockroaches
  3 hobgoblins
  4 jackals (D:2)
  2 quokkas
  9 ball pythons
  A frilled lizard (D:2)
  4 goblins (D:1)
  11 kobolds
  8 rats
128 creatures vanquished.

Notes
Turn   | Place    | Note
-------+----------+-------------------------------------------
     0 | D:1      | Curundu the Minotaur Berserker began the quest for the Orb.
     0 | D:1      | Reached XP level 1. HP: 19/19 MP: 0/0
   337 | D:1      | Reached XP level 2. HP: 27/27 MP: 1/1
  1004 | D:2      | Reached skill level 4 in Axes
  1056 | D:2      | Reached XP level 3. HP: 24/33 MP: 2/2
  2343 | D:3      | Found an ornate altar of the Wu Jian Council.
  2459 | D:3      | Reached skill level 5 in Axes
  2540 | D:3      | Reached XP level 4. HP: 40/40 MP: 3/3
  2669 | D:4      | Reached ** piety under Trog
  2681 | D:4      | Reached skill level 6 in Axes
  2681 | D:4      | Reached XP level 5. HP: 7/46 MP: 4/4
  2865 | D:4      | Reached skill level 7 in Axes
  3026 | D:4      | Noticed an ogre
  3035 | D:4      | Killed an ogre
  3036 | D:4      | Reached skill level 8 in Axes
  3036 | D:4      | Reached XP level 6. HP: 33/52 MP: 5/5
  3191 | D:4      | Found a radiant altar of Vehumet.
  3257 | D:4      | Noticed Duvessa
  3257 | D:4      | Noticed Dowan
  3274 | D:4      | Killed Duvessa
  3278 | D:4      | Killed Dowan
  3279 | D:4      | Reached skill level 9 in Axes
  3279 | D:4      | Reached XP level 7. HP: 29/59 MP: 6/6
  3987 | D:4      | Reached skill level 10 in Axes
  4399 | D:5      | Entered Level 5 of the Dungeon
  4612 | D:5      | Reached skill level 11 in Axes
  4755 | D:5      | Reached XP level 8. HP: 27/66 MP: 7/7
  5029 | D:5      | Reached skill level 12 in Axes
  5749 | D:6      | Reached skill level 13 in Axes
  5856 | D:6      | Found a staircase to the Ecumenical Temple.
  6040 | D:6      | Identified a scroll of acquirement
  6040 | D:6      | Acquired a +2 pair of boots of stealth
  6079 | D:7      | Reached *** piety under Trog
  6348 | D:7      | Reached skill level 14 in Axes
  6348 | D:7      | Reached XP level 9. HP: 57/71 MP: 8/8
  6921 | D:7      | Found a shimmering altar of Xom.
  6945 | D:7      | Reached skill level 15 in Axes
  7051 | D:8      | Found a sparkling altar of Nemelex Xobeh.
  7069 | D:8      | Noticed Prince Ribbit
  7107 | D:8      | Killed Prince Ribbit
  7330 | D:8      | HP: 2/71 [gnoll sergeant/+2 spear of venom (7)]
  7331 | D:8      | Slain by a gnoll sergeant

Illustrated notes

Levels and vault maps discovered:
D:1:      elethiomel_arrival_maze, layout_basic, serial_forest,
          infiniplex_forest_corner_1, infiniplex_forest_diagonal,
          infiniplex_forest_straight_3, infiniplex_forest_3_way,
          infiniplex_forest_clump_small, infiniplex_forest_end_1,
          infiniplex_forest_fountain, minmay_hexomino_u4
D:2:      layout_basic
D:3:      layout_rooms, marbit_many_paths
D:4:      minmay_door_path, layout_loops_corners, lemuel_doored_altar,
          minmay_misc_feat_room, uniq_duvessa
D:5:      layout_basic
D:6:      layout_cave_pools, minmay_temple_entry_ruins, hangedman_decor_opposing
D:7:      layout_basic, tgw_xom
D:8:      layout_gridville, general_overflow_altar, cheibrodos_worm_habitat,
          mainiacjoe_overflow_paths, uniq_prince_ribbit1

Skill      XL: |  1  2  3  4  5  6  7  8  9 |
---------------+----------------------------+-----
Axes           | 4 5 6 8 9 11 14 15 | 15.6
Fighting       | 4 |  4.0
Armour         | 3 |  3.0
Dodging        | |  2.7

Action                     |  1- 3 |  4- 6 |  7- 9 || total
---------------------------+-------+-------+-------++-------
  Melee: Hand axe          |    33 |       |    48 ||    81
         Headbutt          |    13 |     5 |    53 ||    71
         Whip              |    46 |    52 |   227 ||   325
 Invoke: Berserk           |       |     3 |     3 ||     6
         Trog's Hand       |       |     1 |     1 ||     2
    Use: Scroll            |     1 |       |    14 ||    15
         Potion            |       |       |     1 ||     1
 Armour: Animal skin       |    12 |       |       ||    12
         Ring mail         |    13 |       |       ||    13
         Chain mail        |     8 |    45 |    10 ||    63
         Plate armour      |       |       |   220 ||   220
  Dodge: Dodged            |    54 |     5 |    52 ||   111
  Block: Tower shield      |       |    19 |   145 ||   164

Table legend: (Time is in decaauts)
 A = Elapsed time spent in this place.
 B = Non-inter-level travel time spent in this place.
 C = Inter-level travel time spent in this place.
 D = Time resting spent in this place.
 E = Time spent auto-exploring this place.
 F = Levels seen in this place.
 G = Mean time per level.
                   A        B        C        D        E       F      G
               +--------+--------+--------+--------+--------+-----+--------+
         Total |   7398 |   7398 |      0 |    675 |   5055 |   8 |  924.8 |
       Dungeon |   7398 |   7398 |      0 |    675 |   5055 |   8 |  924.8 |
               +--------+--------+--------+--------+--------+-----+--------+

Top non-repeatable levels by time:
     D:4: 1849 daAuts
     D:2: 1026 daAuts
     D:1: 993 daAuts
     D:5: 986 daAuts
     D:7: 962 daAuts
     D:6: 704 daAuts
     D:3: 568 daAuts
     D:8: 308 daAuts
